 Dungeon Crawl Stone Soup version 0.30-a0-778-g2ef04afb54 (webtiles) character file.

Game seed: 9861719523289121574

1381 Dartaoz the Conjurer (level 8, -3/66 HPs)
             Began as a Grey Draconian Conjurer on Feb 15, 2023.
             Succumbed to Duvessa's poison
             ... on level 6 of the Dungeon.
             The game lasted 00:18:12 (7054 turns).

Dartaoz the Conjurer (Grey Draconian Conjurer)      Turns: 7054, Time: 00:18:12

Health: -3/66      AC: 13    Str:  9    XL:     8   Next: 39%
Magic:  0/14       EV: 12    Int: 22    God:
Gold:   756        SH:  0    Dex:  9    Spells: 12/15 levels left

rFire   . . .      SeeInvis .    D - staff of conjuration
rCold   . . .      Faith    .    (no shield)
rNeg    . . .      Spirit   +    (body armour unavailable)
rPois   +          Reflect  .    (helmet restricted)
rElec   .          Harm     .    (no cloak)
rCorr   .          Rampage  .    p - +0 pair of gloves
Will    +....                    r - +0 pair of boots
Stlth   ++                       c - amulet of guardian spirit
HPRegen 0.31/turn                B - ring of willpower
MPRegen 0.14/turn                v - ring of poison resistance

@: lethally poisoned (-3 -> -28)
A: AC +11, amphibious, unfitting armour, cold-blooded
a: no special abilities


You were on level 6 of the Dungeon.
You visited 1 branch of the dungeon, and saw 6 of its levels.

You collected 756 gold pieces.

Inventory:

Hand Weapons
 d - a +1 dagger
Armour
 p - a +0 pair of gloves (worn)
 r - a +0 pair of boots (worn)
Magical Staves
 D - a staff of conjuration (weapon)
Jewellery
 c - an amulet of guardian spirit (around neck)
 m - a +4 ring of slaying
 v - a ring of poison resistance (right hand)
 z - an amulet of the acrobat
 B - a ring of willpower (left hand)
Wands
 j - a wand of paralysis (13)
 x - a wand of mindburst (16)
 y - a wand of roots (13)
 A - a wand of flame (36)
Scrolls
 g - 2 scrolls of immolation
 i - a scroll of enchant weapon
 n - a scroll of amnesia {unknown}
 q - a scroll of magic mapping {unknown}
 C - 2 scrolls of fear
Potions
 a - a potion of mutation
 b - 5 potions of heal wounds
 e - 4 potions of attraction
 f - 2 potions of invisibility
 h - 5 potions of brilliance
 l - a potion of flight
 s - 2 potions of curing
 t - a potion of berserk rage
 u - a potion of degeneration
 w - a potion of ambrosia


   Skills:
 + Level 4.3 Fighting
 + Level 4.1 Dodging
 + Level 4.5 Stealth
 + Level 4.2 Spellcasting
 + Level 7.0 Conjurations
 + Level 1.3 Fire Magic


You had 12 spell levels left.
You knew the following spells:

 Your Spells              Type           Power      Damage    Failure   Level
a - Magic Dart            Conj           100%       1d8       1%          1
b - Searing Ray           Conj           100%       2d8       1%          2

Your spell library contained the following spells:

 Spells                   Type           Power      Damage    Failure   Level
 Foxfire                  Conj/Fire      100%       2x1d9     1%          1
 Dazzling Flash           Conj/Hex       60%        N/A       8%          3
 Scorch                   Fire           20%        2d6       10%         2
 Sublimation of Blood     Necr           4%         N/A       17%         2
 Flame Wave               Conj/Fire      34%        2d10      19%         4
 Fulminant Prism          Conj/Hex       15%        3d10      26%         4
 Iskenderun's Mystic Bla  Conj/Tloc      30%        2d8       26%         4
 Fireball                 Conj/Fire      17%        3d9       47%         5
 Irradiate                Conj/Tmut      15%        3d16      58%         5
 Petrify                  Tmut/Erth      4%         N/A       73%         4
 Starburst                Conj/Fire      17%        6d6       96%         6
 Summon Cactus Giant      Summ           2%         N/A       100%        6


Dungeon Overview and Level Annotations

Branches:
Dungeon (6/15)
 Temple: D:4-7

Altars:
Ashenzari

Shops:
D:1 :   D:4 =

Annotations:
D:6 Duvessa


Innate Abilities, Weirdness & Mutations

Your dull iron-grey scales are very hard. (AC +11)
You are amphibious.
You cannot fit into any form of body armour.
You are cold-blooded and may be slowed by cold attacks.


Message History

Restarting spell: Searing Ray (safe; 1% risk of failure)
Press: ? - help, Shift-Dir - straight line, f/p - Dowan
Aim: Dowan, wielding a +0 dagger and wearing a +0 robe (severely wounded, 76% to hit)
You feel a surge of power!
The searing ray hits Dowan!
Dowan is almost dead. (Press . to maintain the ray.)
The searing ray misses Dowan.
Duvessa barely misses you. Dowan hits you but does no damage.
The searing ray hits Dowan!
You kill Dowan!
Duvessa screams, "No!
How DARE you!"
Duvessa goes berserk!
Duvessa hits you but does no damage.
Your Conjurations skill increases to level 7!
Duvessa barely misses you. Duvessa attacks as you move away!
Duvessa hits you with a +0 short sword of venom.
You are poisoned.
You feel very sick.
Unknown command.
Okay, then.
Okay, then.
Okay, then.
As you read the scroll of teleportation, it crumbles to dust.
You feel strangely unstable.
You feel very sick.
Duvessa hits you with a +0 short sword of venom.
You are more poisoned.
Duvessa hits you with a +0 short sword of venom!
You feel very sick.
Duvessa hits you with a +0 short sword of venom!
Duvessa attacks as you move away! Duvessa hits you but does no damage.
You feel very sick.
Duvessa hits you with a +0 short sword of venom!
* * * LOW HITPOINT WARNING * * *
Duvessa attacks as you move away!
Duvessa hits you with a +0 short sword of venom!
* * * LOW HITPOINT WARNING * * *
You are more poisoned.
Your surroundings suddenly seem different.
Found a shiny tower shield.
You die...

..#############........#
..............'......>.#
#.............##........# .
#..........<#.##........#
..#.###.#.....#.########.##
........#.###.#.########.#
###.....#...#.#........#.#
.......<#.#.#.#........#.#
..###.......#.#@.......#.#
#...#.#.#.#........#.#
#...#.#.#.#........#.#
#...#.#.#.#........#.#
#####.#.# ......[..#.#
#.#.# ##.......#.# #.#..
.......#.# #.### ##.#####.#
#.#


There were no monsters in sight!

Vanquished Creatures
  A troll (D:5)
  A steam dragon (D:5)
  2 water moccasins (D:5)
  An ogre (D:5)
  Blork the orc (D:5)
  A scorpion (D:5)
  Dowan (D:6)
  2 hounds
  2 jellies
  2 orc priests
  Natasha (twice) (D:3)
  3 iguanas
  Terence (D:3)
  An orc wizard (D:4)
  Robin (D:3)
  7 adders
  3 worms (D:3)
  A dart slug (D:4)
  14 orcs
  7 ball pythons
  8 endoplasms
  A giant cockroach (D:1)
  20 goblins
  12 hobgoblins
  7 jackals
  5 quokkas
  3 bats
  4 frilled lizards (D:1)
  6 kobolds
  5 rats
125 creatures vanquished.

Notes
Turn   | Place    | Note
-------+----------+-------------------------------------------
     0 | D:1      | Dartaoz the Draconian Conjurer began the quest for the Orb.
     0 | D:1      | Reached XP level 1. HP: 14/14 MP: 3/3
   401 | D:1      | Reached XP level 2. HP: 20/20 MP: 0/5
   514 | D:1      | Learned a level 2 spell: Searing Ray
  1003 | D:1      | Reached skill level 5 in Conjurations
  1032 | D:1      | Found Kiuf's Book Shop.
  1043 | D:1      | Reached XP level 3. HP: 26/26 MP: 4/6
  2768 | D:3      | Reached XP level 4. HP: 33/33 MP: 3/7
  2937 | D:3      | Noticed Natasha
  2970 | D:3      | Killed Natasha
  2977 | D:3      | Reached skill level 1 in Fighting
  2977 | D:3      | Reached XP level 5. HP: 12/40 MP: 0/8
  3238 | D:3      | Noticed Robin
  3246 | D:3      | Killed Robin
  3569 | D:3      | Noticed Terence
  3596 | D:3      | Killed Terence
  3896 | D:3      | Noticed Natasha
  3902 | D:3      | Killed Natasha
  4322 | D:3      | Reached XP level 6. HP: 30/48 MP: 1/10
  4490 | D:4      | Reached skill level 6 in Conjurations
  5008 | D:4      | Found a broken altar of Ashenzari.
  5297 | D:4      | Found Sucliv's Jewellery Emporium.
  5572 | D:5      | Entered Level 5 of the Dungeon
  5612 | D:5      | Your scales start taking on a dull iron-grey colour.
  5612 | D:5      | Reached XP level 7. HP: 56/56 MP: 1/11
  5693 | D:5      | Noticed Blork the orc
  5701 | D:5      | Killed Blork the orc
  5946 | D:5      | Noticed a troll
  5954 | D:5      | Killed a troll
  6124 | D:5      | Reached XP level 8. HP: 56/66 MP: 0/13
  6747 | D:5      | Reached skill level 1 in Fire Magic
  6965 | D:5      | Identified 2 scrolls of acquirement
  6965 | D:5      | Acquired a staff of conjuration
  6967 | D:5      | Acquired 510 gold pieces
  7038 | D:6      | Noticed Dowan
  7040 | D:6      | Noticed Duvessa
  7048 | D:6      | Killed Dowan
  7049 | D:6      | Reached skill level 7 in Conjurations
  7054 | D:6      | HP: 2/66 [Duvessa/+0 short sword of venom (7)]
  7054 | D:6      | Succumbed to Duvessa's poison

Illustrated notes

Levels and vault maps discovered:
D:1:      giann_horns, layout_basic, serial_shops, nicolae_shop_trees
D:2:      layout_basic
D:3:      layout_loops_cross, minmay_stone_trees_small,
          minmay_fractal_squares_5, uniq_robin, uniq_terence, uniq_natasha
D:4:      layout_loops_ring, old_standard_altar, serial_shops,
          nicolae_square_shop
D:5:      layout_cave_pods, st_stairs_3, uniq_blork_the_orc
D:6:      layout_basic, temple_statues, minmay_fractal_squares_gapless_5,
          uniq_duvessa, uniq_maggie

Skill      XL: |  1  2  3  4  5  6  7  8 |
---------------+-------------------------+-----
Conjurations   | 5 6 7 |  7.0
Stealth        | 2 3 4 |  4.5
Dodging        | 2 3 4 |  4.1
Fighting       | 1 2 3 4 |  4.3
Spellcasting   | 3 4 |  4.2
Fire Magic     | 1 |  1.3

Action                     |  1- 3 |  4- 6 |  7- 9 || total
---------------------------+-------+-------+-------++-------
  Melee: Unarmed           |     7 |       |       ||     7
         Dagger            |    11 |    98 |    13 ||   122
         Tailslap          |     1 |    13 |     1 ||    15
         Punch             |       |     3 |       ||     3
   Cast: Magic Dart        |    78 |   136 |    27 ||   241
         Searing Ray       |     1 |    11 |    14 ||    26
    Use: Potion            |       |     2 |       ||     2
         Scroll            |       |     9 |     7 ||    16
 Armour: Skin              |     8 |    28 |    27 ||    63
  Dodge: Dodged            |    18 |    59 |    21 ||    98

Table legend: (Time is in decaauts)
 A = Elapsed time spent in this place.
 B = Non-inter-level travel time spent in this place.
 C = Inter-level travel time spent in this place.
 D = Time resting spent in this place.
 E = Time spent auto-exploring this place.
 F = Levels seen in this place.
 G = Mean time per level.
                   A        B        C        D        E       F      G
               +--------+--------+--------+--------+--------+-----+--------+
         Total |   7060 |   6952 |    108 |      0 |   6126 |   6 | 1176.7 |
       Dungeon |   7060 |   6952 |    108 |      0 |   6126 |   6 | 1176.7 |
               +--------+--------+--------+--------+--------+-----+--------+

Top non-repeatable levels by time:
     D:3: 1645 daAuts
     D:5: 1405 daAuts
     D:1: 1387 daAuts
     D:2: 1376 daAuts
     D:4: 1172 daAuts
     D:6: 73 daAuts
